 Dungeon Crawl Stone Soup version 0.29.1-1-gd02db6906a (webtiles) character file.

Game seed: 1960915542697353312

361 Colgate the Trooper (level 6, -1/53 HPs)
             Began as a Formicid Hunter on Oct 3, 2022.
             Was a Believer of Jiyva.
             Engulfed by a cloud of flame (18 damage)
             ... on level 3 of the Dungeon.
             The game lasted 00:06:02 (3040 turns).

Colgate the Trooper (Formicid Hunter)               Turns: 3040, Time: 00:06:02

Health: -1/53      AC:  3    Str: 15    XL:     6   Next: 98%
Magic:  6/6        EV: 13    Int:  9    God:    Jiyva [**....]
Gold:   95         SH:  0    Dex: 19    Spells: 5/5 levels left

rFire   . . .      SeeInvis +   a - +0 shortbow
rCold   . . .      Faith    .   (no shield)
rNeg    . . .      Spirit   .   c - +0 leather armour
rPois   .          Reflect  .   (helmet unavailable)
rElec   .          Harm     .   (no cloak)
rCorr   +          Rampage  .   (no gloves)
Will    .....                   (no boots)
Stlth   ++........              e - amulet of regeneration
HPRegen 1.93/turn               (no ring)
MPRegen 0.40/turn               (no ring)

@: no status effects
A: permanent stasis, dig shafts and tunnels, antennae 3, four strong arms
a: Dig, Shaft Self, Renounce Religion


You were on level 3 of the Dungeon.
You worshipped Jiyva.
Jiyva was pleased with you.
You visited 1 branch of the dungeon, and saw 3 of its levels.

You collected 95 gold pieces.

Inventory:

Hand Weapons
 a - a +0 shortbow (weapon)
 l - a +0 giant club
Armour
 c - a +0 leather armour (worn)
 k - a +0 chain mail
Jewellery
 e - an amulet of regeneration (around neck)
Scrolls
 b - a scroll of immolation
 f - a scroll of teleportation {unknown}
 g - a scroll of blinking {unknown}
 h - 2 scrolls of identify {unknown}
 j - a scroll of fear {unknown}
Potions
 d - a potion of curing {unknown}
 i - 2 potions of heal wounds {unknown}


   Skills:
 + Level 6.5 Fighting
 - Level 4.0 Ranged Weapons
 - Level 3.5 Dodging
 - Level 1.2 Stealth


You had 5 spell levels left.
You didn't know any spells.
Your spell library was empty.

Dungeon Overview and Level Annotations

Branches:
Dungeon (3/15)

Altars:
Wu Jian
Jiyva

Annotations:
D:3 2 transporters


Innate Abilities, Weirdness & Mutations

You cannot be hasted, slowed, berserked, paralysed or teleported.
You can dig through walls and to a lower floor.
You have a pair of large antennae on your head. (SInv)
Your four strong arms can wield two-handed weapons with a shield.


Message History

l - a +0 giant club Your library has no spells.
No target in view!
You hear a distant slurping noise.
You hear a distant slurping noise.
You hear a distant slurping noise.
You now have 95 gold pieces (gained 11).
Jiyva says: Divide and consume!
You hear a distant slurping noise.
Jiyva is now protecting you from corrosive effects.
Your library has no spells.
Unknown command.
No target in view!
You hear a distant slurping noise.
You hear a distant slurping noise.
You hear a distant slurping noise.
You hear a distant slurping noise.
You hear a distant slurping noise.
You hear a distant slurping noise.
Partly explored, unvisited transporter and can't reach some places.
Really walk into a travel-excluded area?
You are engulfed in blazing flames.
You are engulfed in blazing flames.
You are engulfed in blazing flames.
You start resting.
HP restored.
Really walk into a travel-excluded area?
Unknown command.
Really walk into that cloud of flame? [Y]es or [N]o only, please.
Really walk into that cloud of flame?
Okay, then.
You are engulfed in blazing flames.
You start resting.
HP restored.
You are engulfed in blazing flames.
You are engulfed in blazing flames.
* * * LOW HITPOINT WARNING * * *
You are engulfed in blazing flames.
You die...

#...........##.##########
##......####......# #...####
#.#.##.# #§.§# #.#.##.# #§.☼#
#.#.##.## #○§§#
#.#.#...######
######...#######.#..........#
#.☼§§.....§○☼.##.###...####.#
#.°§......°§@..#.# ##.## #.#
#.§§☼.....§☼§....# #.# #.#
######...#######.# #.# #.#
#§☼§# #.####.# #.# #○§§#
#......# #.# #§○☼# ########
#.# #...## ########## #.#
####.###........######.#
#..#..######.........


There were no monsters in sight!

Vanquished Creatures
  An ogre (D:3)
  A kobold brigand (D:3)
  An orc priest (D:3)
  Natasha (thrice) (D:2)
  An iguana (D:3)
  2 adders (D:3)
  2 worms
  A dart slug (D:3)
  2 orcs (D:3)
  5 ball pythons
  2 bats
  3 endoplasms (D:1)
  3 giant cockroaches
  10 hobgoblins
  2 quokkas
  5 frilled lizards
  8 kobolds
  3 rats
55 creatures vanquished.

Vanquished Creatures (others)
  2 jellies (D:3)
  A ball python (D:3)
  An endoplasm (D:3)
  A frilled lizard (D:3)
5 creatures vanquished.

Grand Total: 60 creatures vanquished

Notes
Turn   | Place    | Note
-------+----------+-------------------------------------------
     0 | D:1      | Colgate the Formicid Hunter began the quest for the Orb.
     0 | D:1      | Reached XP level 1. HP: 16/16 MP: 1/1
   106 | D:1      | Reached XP level 2. HP: 23/23 MP: 2/2
   152 | D:1      | Reached skill level 3 in Fighting
   656 | D:2      | Reached XP level 3. HP: 24/29 MP: 3/3
   801 | D:2      | Noticed Natasha
   805 | D:2      | Killed Natasha
   806 | D:2      | Reached skill level 4 in Fighting
   806 | D:2      | Reached XP level 4. HP: 38/38 MP: 4/4
   869 | D:2      | Noticed Natasha
   873 | D:2      | Killed Natasha
  1286 | D:2      | Reached skill level 5 in Fighting
  1340 | D:2      | Noticed Natasha
  1347 | D:2      | Killed Natasha
  1348 | D:2      | Reached XP level 5. HP: 28/44 MP: 5/5
  2252 | D:2      | Found a faded altar of an unknown god.
  2262 | D:2      | Prayed at the altar of an unknown god.
  2262 | D:2      | Became a worshipper of Jiyva Jahin the Shapeless
  2262 | D:2      | Reached * piety under Jiyva
  2322 | D:3      | Noticed a kobold brigand
  2330 | D:3      | Killed a kobold brigand
  2409 | D:3      | Found an ornate altar of the Wu Jian Council.
  2411 | D:3      | Noticed a centaur
  2412 | D:3      | Found a transporter.
  2421 | D:3      | Found a transporter.
  2431 | D:3      | Reached XP level 6. HP: 51/51 MP: 6/6
  2760 | D:3      | Noticed an ogre
  2763 | D:3      | Killed an ogre
  2764 | D:3      | Reached skill level 6 in Fighting
  2862 | D:3      | Reached ** piety under Jiyva
  3040 | D:3      | Engulfed by a cloud of flame

Illustrated notes

Levels and vault maps discovered:
D:1:      tarquinn_simple_flora_water_f, layout_basic
D:2:      layout_basic, nicolae_ecumenical_lake_church, uniq_natasha
D:3:      layout_loops_ring, gammafunk_temple_overflow_arena, serial_glass,
          glass_columns_a, glass_columns_b, lemuel_flame_loot_1

Skill      XL: |  1  2  3  4  5  6 |
---------------+-------------------+-----
Fighting       | 3 4 5 6 |  6.5
Dodging        | 2 3 |  3.5
Ranged Weapons | |  4.0
Stealth        | |  1.2

Action                   |  1- 3 |  4- 6 || total
-------------------------+-------+-------++-------
 Fire: Shortbow          |    47 |   125 ||   172
Armor: Leather armour    |     2 |     8 ||    10
Dodge: Dodged            |     7 |    34 ||    41
